 Dungeon Crawl Stone Soup version 0.32-a0-656-g3542139 (webtiles) character file.

Game seed: 14919915099948434384

340180 Meow the Warrior (level 22, -7/330 HPs)
             Began as a Naga Conjurer on Mar 8, 2024.
             Was an Initiate of Gozag.
             Mangled by a vault warden
             ... wielding a +3 heavy war axe
              (41 damage)
             ... on level 5 of the Vaults.
             The game lasted 03:29:47 (45580 turns).

Meow the Warrior (Naga Conjurer)                   Turns: 45580, Time: 03:29:48

Health: -7/330     AC: 35    Str: 10    XL:     22   Next: 31%
Magic:  2/42       EV:  1    Int: 28    God:    Gozag
Gold:   1588       SH:  0    Dex: 17    Spells: 12/53 levels left

rFire   + . .        a - +8 short sword of Kaguacwo {spect, Str+3 Dex+3}
rCold   + + .        W - orb {*channel}
rNeg    + . .        L - melded +2 robe {rN+}
rPois   +            U - melded +2 helmet
rElec   +            l - melded +1 cloak of Starlight {*Dazzle EV+4 Stlth--}
rCorr   +            t - melded +1 pair of gloves
SInv    +            E - melded +3 barding {Fly}
Will    ++...        i - macabre finger necklace {Finger+ rN+}
Stlth   ++           g - ring of Ujuod {rElec rCorr EV+5 Str-3 Slay+6}
HPRegen 0.75/turn    Y - ring of Vuxezav {rC+ AC+4}
MPRegen 0.28/turn    r - ring "Mad Viw" {rElec rF+ rC+ Dex+3}

%: channel magic (20%)
@: tree-form, studying 2 skills
A: stationary, stasis, torment immunity, boosted hp, AC +7, large, see
invisible, (deformed body), (poison resistance), (slowness 2), spit poison 1,
(naga tail 2)
}: 1/15 runes: barnacled
a: Spit Poison, Renounce Religion, Potion Petition, Call Merchant, Bribe Branch


You were on level 5 of the Vaults.
You worshipped Gozag.
Gozag was most pleased with you.
You were a tree.
You visited 7 branches of the dungeon, and saw 35 of its levels.
You also visited: Gauntlet, Wizlab and Desolation.

You collected 17103 gold pieces.
You spent 4752 gold pieces at shops.
You paid 10763 gold pieces to Gozag.

Inventory:

Hand Weapons
 a - the +8 short sword of Kaguacwo (weapon) {spect, Str+3 Dex+3}
   (You took it off a minotaur in a Gauntlet)

   Str+3:     It affects your strength (+3).
   Dex+3:     It affects your dexterity (+3).
Missiles
 y - 11 javelins
 T - 7 throwing nets (quivered)
 V - 3 silver javelins
Armour
 l - the +1 cloak of Starlight (melded) {*Dazzle EV+4 Stlth--}
   (You found it in the Desolation of Salt)

   *Dazzle:   It may blind those who miss an attack against the wearer in melee
   combat.
   EV+4:      It affects your evasion (+4).
   Stlth--:   It makes you much less stealthy.
 t - a +1 pair of gloves (melded)
 E - a +3 barding of flying (melded)
 L - a +2 robe of positive energy (melded)
 N - a +2 cloak of willpower
 U - a +2 helmet (melded)
 W - an orb of energy (worn)
Jewellery
 f - an amulet of magic regeneration
 g - the ring of Ujuod (left branch) {rElec rCorr EV+5 Str-3 Slay+6}
   (You bought it in a shop on level 1 of the Lair of Beasts)

   [ring of evasion]

   EV+5:      It affects your evasion (+5).
   Str-3:     It affects your strength (-3).
   Slay+6:    It affects your accuracy & damage with ranged weapons and melee
   (+6).
   rElec:     It insulates you from electricity.
   rCorr:     It protects you from acid and corrosion.
 i - the macabre finger necklace (around neck) {Finger+ rN+}
   (You bought it in a shop on level 1 of the Lair of Beasts)

   [amulet of nothing]

   Finger+:   It enables you to equip an extra ring.
   rN+:       It protects you from negative energy.
 r - the ring "Mad Viw" (on amulet) {rElec rF+ rC+ Dex+3}
   (You found it in the Desolation of Salt)

   [ring of protection from cold]

   Dex+3:     It affects your dexterity (+3).
   rF+:       It protects you from fire.
   rC+:       It protects you from cold.
   rElec:     It insulates you from electricity.
 I - a ring of flight
 Y - the ring of Vuxezav (right branch) {rC+ AC+4}
   (You found it in a Gauntlet)

   [ring of protection]

   AC+4:      It affects your AC (+4).
   rC+:       It protects you from cold.
 Z - an amulet of regeneration
Talismans
 J - a granite talisman (active)
Wands
 v - a wand of light (15)
 H - a wand of roots (40)
 R - a wand of digging (27)
Scrolls
 b - 2 scrolls of amnesia
 c - 2 scrolls of revelation
 e - a scroll of poison
 m - 15 scrolls of teleportation
 q - 4 scrolls of butterflies
 s - 10 scrolls of identify
 B - a scroll of silence
 F - 13 scrolls of enchant weapon
 K - 5 scrolls of brand weapon
 M - 6 scrolls of torment
 O - 4 scrolls of fear
 P - 6 scrolls of immolation
 Q - 10 scrolls of fog
 S - 3 scrolls of enchant armour
 X - 4 scrolls of blinking
Potions
 d - 3 potions of cancellation
 h - 2 potions of invisibility
 j - 8 potions of curing
 k - 13 potions of heal wounds
 n - 7 potions of lignification
 p - 9 potions of ambrosia
 u - 6 potions of mutation
 w - 7 potions of magic
 x - 7 potions of enlightenment
 z - 7 potions of haste
 A - 5 potions of brilliance
 C - 6 potions of might
 D - 4 potions of berserk rage
 G - a potion of resistance
Miscellaneous
 o - a phantom mirror


   Skills:
 - Level 18.0 Fighting
 - Level 1.9 Dodging
 - Level 3.0 Stealth
 + Level 16.2 Spellcasting
 - Level 18.0 Conjurations
 - Level 14.0 Ice Magic
 - Level 15.0 Evocations
 - Level 16.0 Shapeshifting


You had 12 spell levels left.
You knew the following spells:

 Your Spells              Type           Power      Damage    Failure   Level
a - Magic Dart            Conj           100%       1d8       1%          1
b - Searing Ray           Conj           100%       2d8       1%          2
c - Mephitic Cloud        Conj/Alch/Air  54%        N/A       3%          3
f - Freezing Cloud        Conj/Ice/Air   35%        6-21      4%          5
g - Orb of Destruction    Conj           44%        9d12      5%          7
t - Iskenderun's Battles  Conj           89%        2d14      1%          5
B - Iskenderun's Mystic   Conj/Tloc      65%        2d13      3%          4
F - Fulminant Prism       Conj/Alch      32%        3d15      3%          4
G - Fireball              Conj/Fire      32%        3d14      7%          5
T - Blink                 Tloc           44%        N/A       11%         2
Y - Hailstorm             Conj/Ice       84%        3d14      1%          3

Your spell library contained the following spells:

 Spells                   Type           Power      Damage    Failure   Level
 Foxfire                  Conj/Fire      100%       2x1d9     1%          1
 Kiss of Death            Conj/Necr      100%       2d13      1%          1
 Sting                    Conj/Alch      100%       1d9       1%          1
 Static Discharge         Conj/Air       100%       3-8/arc   1%          2
 Ensorcelled Hibernation  Hex/Ice        100%       N/A       2%          2
 Summon Ice Beast         Ice/Summ       58%        N/A       3%          3
 Arcjolt                  Conj/Air       32%        1d42      7%          5
 Slow                     Hex            88%        N/A       9%          1
 Summon Small Mammal      Summ           88%        N/A       9%          1
 Call Imp                 Summ           44%        N/A       11%         2
 Cigotuvi's Dreadful Rot  Necr/Alch/Air  44%        N/A       11%         2
 Jinxbite                 Hex            44%        N/A       11%         2
 Mercury Vapours          Alch/Air       44%        N/A       11%         2
 Metabolic Englaciation   Hex/Ice        29%        N/A       11%         5
 Call Canine Familiar     Summ           22%        N/A       17%         3
 Confusing Touch          Hex            22%        N/A       17%         3
 Fugue of the Fallen      Necr           22%        N/A       17%         3
 Gell's Gravitas          Tloc           22%        N/A       17%         3
 Passwall                 Erth           22%        N/A       17%         3
 Sigil of Binding         Hex            22%        N/A       17%         3
 Swiftness                Air            22%        N/A       17%         3
 Teleport Other           Tloc           22%        N/A       17%         3
 Tukima's Dance           Hex            22%        N/A       17%         3
 Vampiric Draining        Necr           22%        2d7       17%         3
 Volatile Blastmotes      Fire/Tloc      44%        2d13      17%         3
 Conjure Ball Lightning   Conj/Air       32%        3x3d10    22%         6
 Sculpt Simulacrum        Ice/Alch       29%        N/A       38%         6
 Airstrike                Air            11%        2d(2-18)  43%         4
 Anguish                  Hex/Necr       11%        N/A       43%         4
 Cause Fear               Hex            11%        N/A       43%         4
 Dispel Undead            Necr           22%        3d12      43%         4
 Ignite Poison            Fire/Alch      22%        N/A       43%         4
 Manifold Assault         Tloc           22%        N/A       43%         4
 Martyr's Knell           Necr/Summ      22%        N/A       43%         4
 Olgreb's Toxic Radiance  Alch           22%        N/A       43%         4
 Passage of Golubria      Tloc           22%        N/A       43%         4
 Sticky Flame             Fire/Alch      22%        2d6       43%         4
 Summon Blazeheart Golem  Fire/Summ      22%        N/A       43%         4
 Summon Lightning Spire   Summ/Air       22%        N/A       43%         4
 Vhi's Electric Charge    Tloc/Air       44%        N/A       43%         4
 Alistair's Intoxication  Alch           14%        N/A       73%         5
 Borgnjor's Vile Clutch   Necr/Erth      11%        N/A       73%         5
 Silence                  Hex/Air        11%        N/A       73%         5
 Summon Forest            Summ/Tloc      11%        N/A       73%         5
 Summon Mana Viper        Hex/Summ       22%        N/A       73%         5
 Yara's Violent Unravell  Hex/Alch       11%        3d6       73%         5
 Death Channel            Necr           11%        N/A       99%         6
 Dispersal                Tloc           11%        N/A       99%         6
 Eringya's Noxious Bog    Alch           11%        4d6       99%         6
 Plasma Beam              Fire/Air       11%        2x1d22    99%         6
 Summon Cactus Giant      Summ           11%        N/A       99%         6
 Enfeeble                 Hex            11%        N/A       100%        7
 Haunt                    Necr/Summ      11%        N/A       100%        7
 Malign Gateway           Summ/Tloc      11%        N/A       100%        7
 Monstrous Menagerie      Summ           11%        N/A       100%        7
 Summon Hydra             Summ           11%        N/A       100%        7
 Disjunction              Tloc           11%        N/A       100%        8
 Ignition                 Fire           11%        3d5       100%        8
 Summon Horrible Things   Summ           11%        N/A       100%        8
 Death's Door             Necr           11%        N/A       100%        9
 Dragon's Call            Summ           11%        N/A       100%        9
 Sublimation of Blood     Necr           Unusable   N/A       N/A         2
 Animate Dead             Necr           Unusable   N/A       N/A         4

Dungeon Overview and Level Annotations

Branches:
Dungeon (15/15)            Temple (1/1) D:5            Lair (5/5) D:8
 Shoals (4/4) Lair:3       Spider (0/4) Lair:2        Slime (0/5) Lair:5
    Orc (2/2) D:12            Elf (3/3) Orc:2        Vaults (5/5) D:13
  Crypt (0/3) Vaults:2     Depths (0/4) D:15         WizLab (visited)
Desolation (visited)      Gauntlet (visited)

Altars:
Ashenzari
Cheibriados
Dithmenos
Elyvilon
Fedhas
Gozag
Hepliaklqana
Kikubaaqudgha
Makhleb
Nemelex Xobeh
Okawaru
Qazlal
Ru
Sif Muna
Trog
Uskayaw
Vehumet
Wu Jian
Xom
Yredelemnul
Zin
The Shining One
Beogh
Jiyva

Shops:
D:3 (*!(*   D:7 (   D:11 (   D:12 (   D:15 *   Orc:2 ![![   Lair:1 =[[*=[[[=
Shoals:2 [   Shoals:4 =   Vaults:2 *   Vaults:3 ?   Vaults:4 ?

Portals:
Trove: D:12 (give 9 potions of haste)


Innate Abilities, Weirdness & Mutations

You are a tree.
Your roots penetrate the ground, keeping you stationary.
You cannot be teleported.
You are immune to unholy pain and torment.
Your maximum health is greatly increased.
Your equipment is partially melded.
((Your serpentine skin is tough. (AC +7)))
You are immune to poison.
You have supernaturally acute eyesight. (SInv)
((Armour fits poorly on your strangely shaped body.))
((Your system is resistant to poisons. (rPois)))
((You cover ground very slowly.))
You can spit poison.
((You can use your snake-like lower body to constrict enemies.))


Message History

Unknown command.
As you read the scroll of torment, it crumbles to dust.
You feel a surge of unholy energy.
The vault warden convulses!
The ironbound convoker convulses!
The yaktaur captain convulses!
The ironbound convoker hits you with a +0 morningstar!
* * * LOW HITPOINT WARNING * * *
The vault warden hits you with a +3 heavy war axe!!
* * * LOW HITPOINT WARNING * * *
Unknown command.
As you read the scroll of torment, it crumbles to dust.
You feel a surge of unholy energy.
The vault warden convulses!
The ironbound convoker convulses!
The yaktaur captain convulses!
The ironbound convoker hits you but does no damage.
A vault warden comes into view. It is wielding a +3 battleaxe.
Unknown command.
Unknown command.
Unknown command.
You hit the vault warden but do no damage.
The vault warden is almost dead.
The vault warden hits you with a +3 heavy war axe!
* * * LOW HITPOINT WARNING * * *
The ironbound convoker barely misses you.
Unknown command.
Unknown command.
Unknown command.
You feel much better.
The ironbound convoker points at the vault warden and mumbles some strange words.
The vault warden seems to grow stronger.
The vault warden hits you with a +3 heavy war axe!!!
* * * LOW HITPOINT WARNING * * *
Unknown command.
Unknown command.
You feel much better.
The ironbound convoker hits you but does no damage.
A vault warden comes into view. It is wielding a +2 heavy long sword.
Unknown command.
You feel much better.
The vault warden hits you with a +3 heavy war axe!!!
You die...
Your body crumbles into a pile of gold.

.# .. ..
##. ##..
##..p
.$#...c##
......pp##
#...##Xp♣#
# #####


You could see a tentacled monstrosity, 3 vault wardens, a yaktaur captain and an
ironbound convoker.

Vanquished Creatures
  A Head Instructor (WizLab)
  Saint Roka (Elf:3)
  Jorgrun (Shoals:1)
  2 deep elf blademasters (Elf:3)
  2 deep elf master archers (Elf:3)
  A quicksilver dragon (WizLab)
  5 sphinxes
  Polyphemus (Shoals:4)
  Kirke (D:15)
  Aizul (Shoals:3)
  4 tengu reavers
  10 vault wardens
  Ilsuiw (Shoals:4)
  4 imperial myrmidons (Desolation)
  6 deep elf elementalists (Elf:3)
  3 orc warlords
  5 deep elf sorcerers (Elf:3)
  The ghost of aor the Blocker, a journeyman OpMo of Cheibriados (Elf:1)
  A formless jellyfish (Vaults:1)
  12 ironbound preservers
  7 ironbound thunderhulks
  5 deep elf demonologists
  2 deep elf annihilators (Elf:3)
  6 deep elf death magi
  2 dire elephants (Vaults:2)
  A halazid warlock (Desolation)
  A minotaur (Gauntlet)
  Azrael (D:15)
  Snorg (Orc:2)
  4 crystal guardians
  6 merfolk impalers
  11 yaktaur captains
  An ettin (Vaults:2)
  4 merfolk javelineers
  An entropy weaver (Vaults:1)
  2 deep elf high priests (Elf:3)
  3 servants of whispers (Desolation)
  4 great orbs of eyes
  2 fire dragons (D:15)
  9 ragged hierophants (Desolation)
  34 vault guards
  5 ironbound frosthearts
  7 peacekeepers
  2 ogre magi
  5 hydras
  An alligator (Shoals:3)
  3 alligator snapping turtles
  2 catoblepae
  4 boulder beetles
  5 merfolk avatars
  3 spriggan air magi (WizLab)
  32 centaur warriors
  34 dancing weapons
  4 merfolk aquamancers (Shoals:4)
  9 two-headed ogres
  3 satyrs
  16 death yaks
  A vampire mage (WizLab)
  An occultist (WizLab)
  4 orc high priests
  18 deep elf knights
  2 hell knights (WizLab)
  6 skysharks
  26 deep trolls
  10 arcanists
  4 mana vipers (WizLab)
  A phantasmal warrior (Vaults:5)
  9 deep elf archers
  17 sea snakes
  A glowing orange brain (Vaults:2)
  8 lindwurms
  9 ironbound convokers
  Pikel (D:5)
  18 deep elf zephyrmancers
  6 thermic dynamos
  22 ugly things
  35 deep elf pyromancers
  2 necromancers (Elf:1)
  23 harpies
  9 fauns
  19 orc knights
  A wolf spider (D:15)
  11 cyclopes
  4 orc sorcerers (Orc:2)
  The ghost of Dega the Ducker, a novice OpFi of Qazlal (D:6)
  20 manticores
  A faun (shapeshifter) (Elf:2)
  2 oklob plants
  6 large abominations
  5 elephants (Lair:4)
  6 meliai
  5 merfolk sirens
  A rust devil (Gauntlet)
  7 black mambas
  A naga mage (WizLab)
  2 water nymphs
  2 guardian serpents (Desolation)
  A molten gargoyle (Gauntlet)
  9 vault sentinels
  6 torpor snails
  2 kobold blastminers (Orc:2)
  A gargoyle (Gauntlet)
  12 cane toads
  An unseen horror (D:11)
  2 rime drakes
  6 komodo dragons
  Psyche (D:8)
  2 efreet
  35 yaktaurs
  29 merfolk
  2 tengu conjurers (WizLab)
  A wind drake (shapeshifter) (Elf:3)
  A queen bee (Lair:4)
  6 trolls
  7 polar bears
  6 hornets (Lair:5)
  4 wind drakes
  A wolf spider simulacrum (D:14)
  45 saltlings
  6 blink frogs
  18 dream sheep
  8 snapping turtles
  16 slime creatures
  A shadow (D:10)
  An air elemental (Elf:2)
  A jumping spider (Lair:3)
  Sigmund (D:3)
  12 spriggans (Lair:5)
  8 wyverns
  3 wraiths
  18 water elementals
  A vampire (D:11)
  A ynoxinul (Gauntlet)
  81 yaks
  7 basilisks
  4 wargs
  6 fire elementals
  10 redbacks
  3 steam dragons
  2 vampire mosquitoes (D:14)
  13 water moccasins
  4 hell hounds (D:15)
  3 sky beasts
  An ice beast (D:7)
  5 black bears
  31 orc warriors
  9 ogres
  6 small abominations (Gauntlet)
  36 wolves
  3 boggarts (Lair:5)
  13 centaurs
  4 lemures (D:5)
  4 elf zombies (Elf:1)
  3 kobold brigands
  12 bullfrogs
  4 earth elementals
  2 gnoll sergeants (D:10)
  5 scorpions
  13 wights
  4 jellies
  34 killer bees
  5 howler monkeys
  4 electric eels
  4 bombardier beetles
  3 lava snakes (Lair:3)
  Crazy Yiuf (D:5)
  A gnoll bouda (D:7)
  5 hounds
  16 orc priests
  3 iron imps (Gauntlet)
  3 iguanas
  A sleepcap (D:7)
  26 orc wizards
  Ijyb (D:5)
  A hell rat (Lair:4)
  4 adders
  7 gnolls
  A shadow imp (D:4)
  A white imp (D:5)
  3 dart slugs
  3 ribbon worms
  79 orcs
  15 endoplasms
  6 giant cockroaches
  5 hobgoblins
  2 jackals (D:1)
  17 kobolds
  4 quokkas
  5 ball pythons
  7 bats
  4 frilled lizards
  4 goblins
  5 rats
  A fulminant prism (D:6)
  2 spectral weapons
1478 creatures vanquished.

Vanquished Creatures (others)
  A deep elf elementalist (Elf:3)
  A yaktaur captain (Vaults:2)
  A death yak (Shoals:4)
  2 humans (D:15)
  2 fulminant prisms
  32 spectral weapons
39 creatures vanquished.

Grand Total: 1517 creatures vanquished

Notes
Turn   | Place    | Note
-------+----------+-------------------------------------------
     0 | D:1      | Meow the Naga Conjurer began the quest for the Orb.
     0 | D:1      | Reached XP level 1. HP: 15/15 MP: 3/3
   388 | D:1      | Reached XP level 2. HP: 22/22 MP: 5/5
   391 | D:1      | Learned a level 2 spell: Searing Ray
   825 | D:2      | Identified the +2 ring mail "Wovuomui" {rF+ Int+2}
  1018 | D:2      | Reached XP level 3. HP: 22/28 MP: 0/7
  1659 | D:3      | Found Garonn's Antique Weapon Emporium.
  1682 | D:3      | Found Feotres's Distillery.
  1690 | D:3      | Bought 2 potions of heal wounds for 130 gold pieces
  1736 | D:3      | Found Reofatie's Weapon Shop.
  1762 | D:3      | Reached XP level 4. HP: 36/36 MP: 1/8
  1875 | D:3      | Found a faded altar of an unknown god.
  1880 | D:3      | Reached skill level 5 in Conjurations
  1893 | D:3      | Noticed Sigmund
  1965 | D:4      | Reached XP level 5. HP: 42/42 MP: 4/10
  2342 | D:5      | Entered Level 5 of the Dungeon
  2342 | D:5      | Noticed Ijyb
  2346 | D:5      | Killed Ijyb
  2462 | D:5      | HP: 2/42 [burnt (5)]
  2631 | D:5      | Reached XP level 6. HP: 49/49 MP: 8/12
  2702 | D:5      | Noticed Pikel
  2778 | D:3      | You fall into a shaft and drop 1 floor!
  2874 | D:4      | Learned a level 4 spell: Iskenderun's Mystic Blast
  3625 | D:3      | Found Illiublo's Assorted Antiques.
  3632 | D:3      | Killed Sigmund
  3633 | D:3      | Reached skill level 5 in Spellcasting
  3633 | D:3      | Reached XP level 7. HP: 55/55 MP: 8/14
  3638 | D:3      | Learned a level 4 spell: Fulminant Prism
  3641 | D:3      | Learned a level 2 spell: Blink
  3646 | D:3      | Found Qiyguasm's General Store.
  3664 | D:3      | Bought a scroll of identify for 24 gold pieces
  4242 | D:5      | Reached skill level 1 in Fighting
  4246 | D:5      | Learned a level 3 spell: Hailstorm
  4522 | D:5      | Found a staircase to the Ecumenical Temple.
  4531 | Temple   | Entered the Ecumenical Temple
  4646 | D:5      | Found a sparkling altar of Nemelex Xobeh.
  4782 | D:5      | Learned a level 3 spell: Mephitic Cloud
  5240 | D:5      | Found a runed translucent door.
  5241 | D:5      | Noticed Crazy Yiuf
  5474 | D:5      | Reached XP level 8. HP: 67/67 MP: 12/16
  6163 | D:6      | Found an opulent altar of Gozag.
  6177 | D:6      | Became a worshipper of Gozag Ym Sagoz the Greedy
  6367 | D:6      | Noticed a yak
  6367 | D:6      | Noticed a yak
  6376 | D:6      | Killed a yak
  6738 | D:5      | Killed Pikel
  6739 | D:5      | Reached skill level 5 in Fighting
  6856 | D:6      | Noticed Dega's ghost (novice OpFi)
  7003 | D:6      | Found a runed translucent gate.
  7003 | D:6      | Found a runed translucent gate.
  7004 | D:6      | Found a runed translucent gate.
  7013 | D:6      | Reached XP level 9. HP: 82/82 MP: 14/18
  7143 | D:6      | Found a glowing golden altar of the Shining One.
  7151 | D:6      | Found a stormy altar of Qazlal.
  7678 | D:7      | Found Utuivin's Antique Weapon Shoppe.
  8235 | D:7      | Reached XP level 10. HP: 88/96 MP: 16/20
  9131 | D:8      | Reached skill level 10 in Conjurations
  9259 | D:8      | Found a staircase to the Lair.
  9276 | D:8      | Reached skill level 1 in Ice Magic
  9385 | D:8      | Noticed Psyche
  9537 | D:3      | Bought a +0 barding for 276 gold pieces
  9714 | D:8      | Killed Psyche
  9823 | Lair:1   | Entered Level 1 of the Lair of Beasts
  9837 | Lair:1   | Learned a level 5 spell: Freezing Cloud
  9994 | Lair:1   | Noticed a cane toad
 10073 | Lair:1   | Reached skill level 5 in Ice Magic
 10239 | Lair:1   | Noticed a cane toad
 10244 | Lair:1   | Killed a cane toad
 10304 | Lair:1   | Learned a level 4 spell: Iskenderun's Mystic Blast
 10410 | Lair:1   | Reached XP level 11. HP: 103/103 MP: 14/23
 10920 | Lair:1   | Noticed a four-headed hydra
 10925 | Lair:1   | Killed a four-headed hydra
 11159 | Lair:1   | Reached skill level 10 in Ice Magic
 11537 | Lair:2   | Found a snail-covered altar of Cheibriados.
 12074 | Lair:2   | Noticed a skyshark
 12235 | Lair:2   | Killed a skyshark
 12236 | Lair:2   | Reached XP level 12. HP: 110/114 MP: 14/24
 12696 | Lair:2   | Found a hole to the Spider Nest.
 13444 | Lair:3   | Identified the +2 scale mail of Immorality {Harm rF+}
 13746 | Lair:3   | Noticed a death yak
 13757 | Lair:3   | Noticed a death yak
 13760 | Lair:3   | Noticed a death yak
 13764 | Lair:3   | Reached skill level 1 in Shapeshifting
 13766 | Lair:3   | Killed a death yak
 13768 | Lair:3   | Killed a death yak
 13769 | Lair:3   | Killed a death yak
 13770 | Lair:3   | Reached skill level 10 in Fighting
 13859 | Lair:3   | Found a runed translucent door.
 13875 | Lair:3   | Found a staircase to the Shoals.
 14205 | Lair:3   | Noticed a four-headed hydra
 14209 | Lair:3   | Killed a four-headed hydra
 14756 | Lair:3   | Found a runed translucent gate.
 14756 | Lair:3   | Found a runed translucent gate.
 14756 | Lair:3   | Found a runed translucent gate.
 14756 | Lair:3   | Found a runed translucent gate.
 14756 | Lair:3   | Noticed a boulder beetle
 14757 | Lair:3   | Found a runed translucent gate.
 14759 | Lair:3   | Found a runed translucent gate.
 14760 | Lair:3   | Noticed a boulder beetle
 14895 | Lair:3   | Killed a boulder beetle
 15017 | Lair:3   | Reached skill level 10 in Spellcasting
 15397 | Lair:3   | Killed a boulder beetle
 15398 | Lair:3   | Gained mutation: You can use your snake-like lower body to
                  | constrict enemies. [Naga growth]
 15398 | Lair:3   | Reached XP level 13. HP: 124/124 MP: 11/27
 15490 | Lair:4   | Found a gate leading to a gauntlet.
 15502 | Gauntlet | Entered a Gauntlet
 15502 | Gauntlet | Found a transporter.
 15502 | Gauntlet | Found a transporter.
 15502 | Gauntlet | Found a transporter.
 15502 | Gauntlet | Found a transporter.
 15506 | Gauntlet | Found a transporter.
 15506 | Gauntlet | Found a transporter.
 15508 | Gauntlet | Found a large runed translucent door.
 15509 | Gauntlet | Found a large runed translucent door.
 15510 | Gauntlet | Found a large runed translucent door.
 15510 | Gauntlet | Found a large runed translucent door.
 15510 | Gauntlet | Found a runed translucent door.
 15510 | Gauntlet | Found a runed translucent door.
 15511 | Gauntlet | Found a large runed translucent door.
 15511 | Gauntlet | Found a large runed translucent door.
 15511 | Gauntlet | Found a large runed translucent door.
 15511 | Gauntlet | Found a large runed translucent door.
 15512 | Gauntlet | Found a large runed translucent door.
 15512 | Gauntlet | Found a large runed translucent door.
 15512 | Gauntlet | Noticed a green death
 15513 | Gauntlet | Found a large runed translucent door.
 15513 | Gauntlet | Found a large runed translucent door.
 15514 | Gauntlet | Found a runed translucent gate.
 15514 | Gauntlet | Found a runed translucent gate.
 15514 | Gauntlet | Found a runed translucent gate.
 15516 | Gauntlet | Found a transporter.
 15520 | Gauntlet | Found a transporter.
 15524 | Gauntlet | Noticed a great orb of eyes
 15532 | Gauntlet | Found a transporter.
 15539 | Gauntlet | Found a transporter.
 15556 | Gauntlet | Found a transporter.
 15560 | Gauntlet | Found a transporter.
 15626 | Gauntlet | Found a large runed translucent door.
 15626 | Gauntlet | Found a large runed translucent door.
 15629 | Gauntlet | Found a large runed translucent door.
 15629 | Gauntlet | Found a large runed translucent door.
 15715 | Gauntlet | Upgraded the game from 0.32-a0-652-g5f7579b to
                  | 0.32-a0-656-g3542139
 16056 | Gauntlet | Identified the +5 great sword "Feklid" {protect, rElec rC+}
 16177 | Gauntlet | Identified the ring of Vuxezav {rC+ AC+4}
 16292 | Gauntlet | Reached skill level 5 in Shapeshifting
 16435 | Gauntlet | Found the +3 pair of mountain boots {steadfast, rC+}
 16435 | Gauntlet | Identified the +8 short sword of Kaguacwo {spect, Str+3
                  | Dex+3}
 16435 | Gauntlet | Noticed a minotaur
 16471 | Gauntlet | Killed a minotaur
 16522 | Gauntlet | Identified the +4 dagger of Untruth {freeze, Fly rF- rC+
                  | Dex+3}
 17560 | Lair:4   | Reached XP level 14. HP: 127/138 MP: 6/28
 18079 | Lair:4   | Got the Catalogue of Dried Tears
 18087 | Lair:4   | Learned a level 5 spell: Iskenderun's Battlesphere
 18154 | Lair:5   | Entered Level 5 of the Lair of Beasts
 18418 | Lair:5   | Found a staircase to the Slime Pits.
 18418 | Lair:5   | Found a viscous altar of Jiyva.
 18445 | Lair:5   | Reached skill level 10 in Shapeshifting
 18780 | Lair:5   | Identified the +1 shortbow of Ru's Pride {heavy, rCorr
                  | Str+2}
 19742 | D:9      | Reached XP level 15. HP: 122/144 MP: 29/29
 20398 | D:10     | Entered Level 10 of the Dungeon
 20628 | D:10     | Found a shadowy altar of Dithmenos.
 21112 | D:10     | Found a glowing silver altar of Zin.
 21419 | D:5      | Killed Crazy Yiuf
 21551 | D:6      | Killed Dega's ghost
 21779 | D:11     | Found a blossoming altar of Fedhas.
 22016 | D:11     | Found Toathrua's Antique Weapon Emporium.
 22587 | D:12     | Found Awkiniocs's Weapon Shoppe.
 22594 | D:12     | Found a staircase to the Orcish Mines.
 23026 | D:12     | Found a portal to a secret trove of treasure.
 23237 | Orc:1    | Entered Level 1 of the Orcish Mines
 23557 | Orc:2    | Entered Level 2 of the Orcish Mines
 23811 | Orc:2    | Noticed Snorg
 23817 | Orc:2    | Killed Snorg
 23930 | Orc:2    | Found Ynoiq's Armour Emporium.
 23957 | Orc:2    | Found Zoniqupt's Antique Armour Boutique.
 23964 | Orc:2    | Found a roughly hewn altar of Beogh.
 23982 | Orc:2    | Found Tamp's Distillery.
 24002 | Orc:2    | Bought a potion of haste for 140 gold pieces
 24002 | Orc:2    | Bought a potion of magic for 112 gold pieces
 24002 | Orc:2    | Bought a potion of curing for 42 gold pieces
 24002 | Orc:2    | Bought a potion of lignification for 42 gold pieces
 24002 | Orc:2    | Bought a potion of mutation for 112 gold pieces
 24002 | Orc:2    | Bought 2 potions of mutation for 224 gold pieces
 24007 | Orc:2    | Bought a shiny barding for 650 gold pieces
 24061 | Orc:2    | Reached skill level 15 in Shapeshifting
 24145 | Orc:2    | Found Iqivi's Distillery.
 24157 | Orc:2    | Bought a potion of haste for 120 gold pieces
 24157 | Orc:2    | Bought a potion of haste for 120 gold pieces
 24157 | Orc:2    | Bought a potion of heal wounds for 60 gold pieces
 24157 | Orc:2    | Bought a potion of lignification for 36 gold pieces
 24157 | Orc:2    | Bought a potion of lignification for 36 gold pieces
 24508 | Orc:2    | Found a staircase to the Elven Halls.
 24806 | D:13     | Identified the +1 falchion of Yxtor {heavy, rC+ Str+3
                  | Int+3}
 25014 | D:13     | Reached XP level 16. HP: 152/152 MP: 27/30
 25082 | D:13     | Found a gate to the Vaults.
 25839 | D:14     | Found a stormy altar of Qazlal.
 26554 | D:15     | Entered Level 15 of the Dungeon
 26568 | D:15     | Learned a level 5 spell: Fireball
 26642 | D:15     | Noticed Azrael
 26648 | D:15     | Killed Azrael
 26673 | D:15     | Noticed Kirke
 26680 | D:15     | Killed Kirke
 26918 | D:15     | Reached skill level 15 in Fighting
 26955 | D:15     | Found a staircase to the Depths.
 27079 | D:15     | Found Jufraul's Mass Market.
 27307 | Elf:1    | Entered Level 1 of the Elven Halls
 27547 | Elf:1    | Got the Parchment of Gloom
 27566 | Elf:1    | Reached XP level 17. HP: 166/166 MP: 26/31
 28281 | Elf:1    | Found a runed translucent door.
 28285 | Elf:1    | Found a shimmering altar of Xom.
 28285 | Elf:1    | Noticed aor's ghost (journeyman OpMo)
 28294 | Elf:1    | Paralysed by a +3 double sword of chaos for 1 turns
 28310 | Elf:1    | Killed aor's ghost
 28335 | Elf:1    | Identified the +10 spear of Wogiylat {freeze, rF+ Str+4
                  | Dex+4}
 28501 | Elf:2    | Paralysed by an air elemental for 1 turns
 28505 | Elf:2    | Paralysed by an air elemental for 1 turns
 29172 | Elf:2    | Found a runed translucent gate.
 29173 | Elf:2    | Found a runed translucent gate.
 29173 | Elf:2    | Found a runed translucent gate.
 30687 | Elf:3    | Entered Level 3 of the Elven Halls
 30701 | Elf:3    | Found a magical portal.
 30716 | WizLab   | Entered Yara's Duelist Academy
 30745 | WizLab   | Noticed a quicksilver dragon
 30780 | WizLab   | Killed a quicksilver dragon
 30918 | WizLab   | Reached XP level 18. HP: 186/186 MP: 28/33
 31175 | WizLab   | Noticed Xiboavea
 31187 | WizLab   | Killed Xiboavea the Head Instructor
 31287 | WizLab   | Got Yara's Almanac of Signs
 31718 | Elf:3    | Noticed Saint Roka
 31738 | Elf:3    | Killed Saint Roka
 32748 | Elf:3    | Identified the ring "Zuddasut" {rElec Int+3 SInv}
 32758 | Elf:3    | Identified the +2 morningstar "Yfiulych" {freeze, rF- Will+
                  | Str+2 Int+4}
 32825 | Elf:3    | Noticed a deep elf blademaster
 32836 | Elf:3    | Killed a deep elf blademaster
 33028 | Elf:3    | Noticed a deep elf blademaster
 33097 | Elf:3    | Noticed a deep elf master archer
 33108 | Elf:3    | Reached skill level 1 in Evocations
 33108 | Elf:3    | Killed a deep elf master archer
 33227 | Elf:3    | Got the Anthology of Helpful Terra Firma
 33231 | Elf:3    | Got Jylajok's Intricacies of Gnosis
 33264 | Elf:3    | Noticed a deep elf master archer
 33267 | Elf:3    | Killed a deep elf master archer
 33272 | Elf:3    | Killed a deep elf blademaster
 33303 | Elf:3    | Reached XP level 19. HP: 165/192 MP: 33/37
 33482 | Elf:3    | Got the Almanac of the Welkin and Erosion
 33485 | Elf:3    | Identified the staff of Crawling {rN+ Dex+2 Necro}
 33876 | Shoals:1 | Entered Level 1 of the Shoals
 34184 | Shoals:1 | Noticed Jorgrun
 34197 | Shoals:1 | Killed Jorgrun
 34761 | Shoals:2 | Reached skill level 5 in Evocations
 35256 | Shoals:2 | Found Wiskotix's Armour Boutique.
 35297 | Shoals:2 | Reached skill level 15 in Spellcasting
 35749 | Shoals:3 | Identified the serpent talisman of Undesirable Species
                  | {rElec Dex+5 Slay-4 SInv}
 35749 | Shoals:3 | Noticed Aizul
 35759 | Shoals:3 | Killed Aizul
 36746 | Shoals:4 | Entered Level 4 of the Shoals
 36746 | Shoals:4 | Noticed Polyphemus
 36760 | Shoals:4 | Killed Polyphemus
 37131 | Shoals:4 | Found Ifaits's Jewellery Boutique.
 37251 | Shoals:4 | Reached XP level 20. HP: 143/204 MP: 30/40
 37367 | Shoals:4 | Got a barnacled rune of Zot
 37380 | Shoals:4 | Identified the +2 hand axe of Toho {freeze, *Rage rElec
                  | rN++ rCorr}
 37380 | Shoals:4 | Noticed Ilsuiw
 37394 | Shoals:4 | Killed Ilsuiw
 37639 | Shoals:4 | Reached skill level 10 in Evocations
 37849 | Shoals:4 | Identified the +2 short sword "Bayhuahi" {flame, *Noise rF+
                  | rN+}
 38096 | Vaults:1 | Entered Level 1 of the Vaults
 40360 | Vaults:2 | Found Deanokis's General Store.
 40957 | Vaults:2 | Reached XP level 21. HP: 212/212 MP: 41/41
 41303 | Vaults:2 | Got the Octavo of the Squall
 41408 | Vaults:2 | Reached skill level 15 in Evocations
 41447 | Vaults:2 | Found a staircase to the Crypt.
 41447 | Vaults:2 | Found an ancient bone altar of Kikubaaqudgha.
 41452 | Vaults:2 | Found a basalt altar of Yredelemnul.
 41519 | Vaults:2 | Bought a potion of heal wounds for 90 gold pieces
 41519 | Vaults:2 | Bought a +2 cloak of willpower for 387 gold pieces
 41977 | Lair:1   | Bought a faintly humming helmet for 332 gold pieces
 41977 | Lair:1   | Identified the +0 helmet of Majestic Leaves {Harm Slay+4}
                  | (You bought it in a shop on level 1 of the Lair of Beasts)
 42001 | Lair:1   | Bought the ring of Ujuod {rElec rCorr EV+5 Str-3 Slay+6}
                  | for 1117 gold pieces
 42006 | Lair:1   | Bought the macabre finger necklace {Finger+ rN+} for 480
                  | gold pieces
 42006 | Lair:1   | Found the macabre finger necklace {Finger+ rN+}
 42267 | Vaults:3 | Found a crumbling gateway.
 42399 | Desolati | Entered the Desolation of Salt
 42425 | Desolati | Reached skill level 15 in Conjurations
 42610 | Desolati | Got Sif Muna's Almanac of Albedo and Ensorcelling
 42629 | Desolati | Got the Collected Works on Altered Blows
 42638 | Desolati | Learned a level 7 spell: Orb of Destruction
 42641 | Desolati | Got the Commentary on Prime Lava
 42785 | Desolati | Found the +1 cloak of Starlight {*Dazzle EV+4 Stlth--}
 42848 | Desolati | Got Enalix's Compendium of Contamination and the Tropics
 42975 | Desolati | Identified the ring "Mad Viw" {rElec rF+ rC+ Dex+3}
 42980 | Desolati | Got Mnoleg's Precepts of the Gang
 43241 | Desolati | Identified the +3 orcbow "Purykhe" {flame, rElec rC++ rN+
                  | Will-}
 43904 | Vaults:3 | Found Ycaymain's Magic Scroll Boutique.
 43911 | Vaults:3 | Bought a scroll of teleportation for 54 gold pieces
 43911 | Vaults:3 | Bought a scroll of teleportation for 54 gold pieces
 43911 | Vaults:3 | Bought a scroll of teleportation for 54 gold pieces
 44026 | Vaults:3 | Reached XP level 22. HP: 220/220 MP: 35/42
 44800 | Vaults:4 | Found Robruo Buah's Magic Scroll Shoppe.
 44809 | Vaults:4 | Bought a scroll of teleportation for 60 gold pieces
 45548 | Vaults:5 | Entered Level 5 of the Vaults
 45578 | Vaults:5 | HP: 2/330 [vault warden/+3 heavy war axe (46)]
 45580 | Vaults:5 | Mangled by a vault warden

Illustrated notes

Levels and vault maps discovered:
D:1:      onia_arrival_mini_spirals, layout_loops_ring, serial_bayou_ford_a
D:2:      layout_loops_cross
D:3:      layout_rooms, nicolae_ecumenical_oubliette, serial_shops,
          nicolae_shop_tiny_glass, nicolae_shop_industrial_runoff, shop,
          nicolae_shop_bloodbath_and_beyond, shop, hangedman_decor_points,
          uniq_sigmund
D:4:      layout_basic
D:5:      layout_basic, kennysheep_mini, minmay_temple_entry_nine_rooms,
          uniq_pikel, uniq_crazy_yiuf_cottage, uniq_ijyb
D:6:      layout_basic, mainiacjoe_overflow_catwalk_spiral, grunt_gozag_statues,
          gammafunk_ghost_split
D:7:      layout_basic, serial_shops, nicolae_stop_n_shop_1, lightli_minifort
D:8:      layout_basic, lair_entry_dummy, st_stairs_10, uniq_psyche
D:9:      layout_irregular_city, kennysheep_generic_room_5
D:10:     layout_roguey, grunt_dithmenos_smoke_and_mirrors, marbit_many_paths,
          grunt_ministairs_3, onia_ninara_dug_in_and_dangerous
D:11:     layout_loops_cross, serial_shops, shop, fedhas_ov_isle_minmay
D:12:     layout_loops_cross, orc_david_3, enter_trove_5,
          nicolae_figureground_pulse
D:13:     layout_loops_ring, erik_vaults_2
D:14:     layout_grid_maze, grunt_qazlal_clouds
D:15:     grunt_enter_depths_hoard, layout_long_grid,
          minmay_misc_feat_secret_circle, minmay_shop_mass, uniq_kirke,
          uniq_azrael
Temple:   kb_temple_of_zot
Lair:1:   statuecave_lemuel, layout_chaotic_city, minmay_shattered_shrine
Lair:2:   layout_big_grid, spider_nest_entry_webs, serial_bayou,
          serial_bayou_pond_e, serial_bayou_lagoon_a, serial_bayou_pond_a,
          serial_bayou_pond_b, serial_bayou_pond_d, kennysheep_snail_temple
Lair:3:   gammafunk_indiana_jones, layout_hall_layers, shoals_dummy_entry,
          dpeg_stationary_puzzle, infiniplex_staircase_pool
Lair:4:   regret_index_bee_streams, layout_loops_ring, gauntlet_entry_generic,
          lookout_lair_type, minmay_lair_oklob_items,
          nicolae_quartered_pool_impasse, serial_bayou_crossing
Lair:5:   minmay_lair_end_enchanted_forest, layout_long_grid,
          nicolae_slime_entry_slimehenge
Shoals:1: layout_shoals, uniq_jorgrun
Shoals:2: nicolae_shoals_offshore_bank_account, layout_shoals, serial_shops,
          shop, nicolae_shoals_water_elemental_grotto
Shoals:3: layout_shoals, nicolae_shoals_siren_and_animal_friends, uniq_aizul
Shoals:4: shoals_end_hangedman, layout_shoals, shoals_ilsuiw_alternative,
          serial_shops, nicolae_shop_stone, lemuel_altar_in_water2,
          uniq_polyphemus
Orc:1:    layout_caves
Orc:2:    hellmonk_orc_salted, layout_caves, uniq_snorg
Elf:1:    eino_elf_arrival_customs, layout_loops_corners, ebering_ghost_xom,
          minmay_elf_necromancy
Elf:2:    nicolae_elf_blades_crystal_corner, layout_geoelf_octagon, uniq_nikola
Elf:3:    elf_hall_gauntlet_wide, layout_geoelf_grid,
          infiniplex_enter_wizlab_glasses, uniq_saint_roka
Vaults:1: vaults_dpeg_diagonal, nicolae_vaults_theta, v_pattern_2, v_misc_27,
          nicolae_vaults_door_testing_chamber, nicolae_vaults_big_ls,
          vaults_room_semicircle, nicolae_vaults_trapezoid_lopsided_2,
          hangedman_vaults_stagger, v_alt_pattern_4, ontoclasm_vaults_twist,
          vaults_standard_mumra_lines, layout_vaults_maze_bifur
Vaults:2: nicolae_vaults_closet_pinwheel_5, nicolae_vaults_diamond_2,
          nicolae_vaults_what_the_h, vaults_mumra_chevron_long,
          vaults_room_boxed, v_misc_3, minmay_crypt_entry_necro_gods,
          v_alt_pattern_1, nicolae_vaults_hexular_roomagon,
          nicolae_vaults_trapezoid_4, nicolae_vaults_diamond_1, v_misc_11,
          v_misc_31, vaults_mumra_bighexcomb, nicolae_vaults_tetromino_T_1,
          nicolae_vaults_little_squares_5, layout_vaults_omnibox, serial_shops,
          nicolae_shop_tiny_glass
Vaults:3: portal_desolation_entry_twin_temple, vaults_mumra_minichess,
          grunt_vaults_funnel, lightli_orcish_oven, v_misc_8,
          nicolae_vaults_two_Ls, v_misc_11, nicolae_vaults_rhombus_6,
          nicolae_vaults_security_offices_4, nicolae_vaults_trapezoid_2,
          vaults_room_stairs_pillars, vaults_room_hallway,
          layout_vaults_omnigrid, serial_shops, shop
Vaults:4: nicolae_vaults_tetromino_L_1, nicolae_vaults_little_squares_6,
          nicolae_vaults_bisected_slash, nicolae_vaults_tetromino_L_2,
          layout_vaults_big_room, serial_shops, nicolae_shop_hallway_plus
Vaults:5

Skill      XL: |  1  2  3  4  5  6  7  8  9 10 11 12 13 14 15 16 17 18 19 20 21 22 |
---------------+-------------------------------------------------------------------+-----
Spellcasting   | 3 4 5 6 7 8 10 11 14 16 | 16.2
Conjurations   | 5 6 7 8 9 10 12 13 14 17 18 | 18.0
Fighting       | 2 5 8 9 10 12 15 17 18 | 18.0
Ice Magic      | 6 10 11 12 14 | 14.0
Shapeshifting  | 3 8 12 15 16 | 16.0
Evocations     | 2 9 14 15 | 15.0
Dodging        | |  1.9
Stealth        | |  3.0

Action                     |  1- 3 |  4- 6 |  7- 9 | 10-12 | 13-15 | 16-18 | 19-21 | 22-24 || total
---------------------------+-------+-------+-------+-------+-------+-------+-------+-------++-------
  Melee: Short sword       |     5 |       |       |       |   484 |   108 |   508 |    33 ||  1138
         Hand axe          |     3 |       |       |       |       |       |       |       ||     3
         Staff             |       |       |     2 |    11 |       |       |       |       ||    13
         Constrict         |       |       |       |       |   153 |    36 |   181 |    10 ||   380
         Long sword        |       |       |       |       |     3 |       |       |       ||     3
  Throw: Throwing net      |       |       |       |       |       |       |       |     5 ||     5
   Cast: Magic Dart        |    36 |    34 |    41 |    57 |    39 |    12 |     8 |       ||   227
         Searing Ray       |     4 |    17 |    35 |    68 |    42 |   101 |    16 |     2 ||   285
         Mephitic Cloud    |       |       |     6 |     6 |    11 |     3 |       |       ||    26
         Fulminant Prism   |       |       |     1 |     1 |       |       |     1 |       ||     3
         Freezing Cloud    |       |       |       |    62 |   141 |   204 |   240 |    13 ||   660
         Iskenderun's Myst |       |       |       |     9 |    24 |    58 |    33 |     8 ||   132
         Hailstorm         |       |       |       |       |     4 |     1 |     4 |       ||     9
         Iskenderun's Batt |       |       |       |       |       |    59 |    10 |       ||    69
         Fireball          |       |       |       |       |       |     4 |       |       ||     4
         Orb of Destructio |       |       |       |       |       |       |    54 |     2 ||    56
 Invoke: Call Merchant     |       |       |       |       |       |       |     9 |       ||     9
Ability: Spit Poison       |    25 |    25 |    36 |    37 |    32 |    15 |    14 |     1 ||   185
         Begin Untransform |       |       |       |       |       |     1 |     1 |       ||     2
  Evoke: Wand              |       |     4 |       |     5 |     6 |     2 |       |       ||    17
         Phantom mirror    |       |       |       |       |       |       |     1 |       ||     1
    Use: Scroll            |     2 |     1 |     7 |     6 |    15 |    13 |     5 |     3 ||    52
         Potion            |       |       |     1 |       |       |       |       |     6 ||     7
   Stab: Confused          |       |       |       |       |     4 |     2 |       |       ||     6
         Sleeping          |       |       |       |       |     5 |       |       |       ||     5
         Distracted        |       |       |       |       |     6 |       |     7 |       ||    13
 Armour: Robe              |     6 |     9 |    31 |   107 |   465 |       |       |       ||   618
         Skin              |       |       |       |       |   186 |   819 |  1403 |   120 ||  2528
  Dodge: Dodged            |     6 |     7 |     8 |    37 |   237 |   205 |   481 |    92 ||  1073
   Form: Statue            |       |       |       |       |     1 |     1 |     1 |       ||     3

Table legend: (Time is in decaauts)
 A = Elapsed time spent in this place.
 B = Non-inter-level travel time spent in this place.
 C = Inter-level travel time spent in this place.
 D = Time resting spent in this place.
 E = Time spent auto-exploring this place.
 F = Levels seen in this place.
 G = Mean time per level.
                   A        B        C        D        E       F      G
               +--------+--------+--------+--------+--------+-----+--------+
         Total |  63201 |  58960 |   4241 |  11326 |  35613 |  38 | 1663.2 |
       Dungeon |  22519 |  19642 |   2877 |   2451 |  13460 |  15 | 1501.3 |
        Temple |      1 |      1 |      0 |      0 |      0 |   1 |    1.0 |
          Lair |  10909 |  10455 |    454 |   2588 |   6045 |   5 | 2181.8 |
        Shoals |   6086 |   5852 |    234 |   1105 |   3496 |   4 | 1521.5 |
  Orcish Mines |   2191 |   2004 |    187 |    183 |   1408 |   2 | 1095.5 |
   Elven Halls |   8396 |   8115 |    281 |   2732 |   3669 |   3 | 2798.7 |
        Vaults |   9244 |   9039 |    205 |   1447 |   6038 |   5 | 1848.8 |
        Wizlab |   1136 |   1136 |      0 |    378 |    393 |   1 | 1136.0 |
    Desolation |   1420 |   1420 |      0 |    112 |    811 |   1 | 1420.0 |
      Gauntlet |   1295 |   1295 |      0 |    328 |    290 |   1 | 1295.0 |
               +--------+--------+--------+--------+--------+-----+--------+

Top non-repeatable levels by time:
     D:5: 3798 daAuts
   Elf:2: 3490 daAuts
   Elf:3: 3265 daAuts
Vaults:1: 3148 daAuts
  Lair:3: 2990 daAuts
Vaults:3: 2467 daAuts
Vaults:2: 2434 daAuts
  Lair:1: 2092 daAuts
  Lair:4: 2062 daAuts
  Lair:2: 2023 daAuts
Shoals:3: 1864 daAuts
     D:4: 1864 daAuts
    D:12: 1804 daAuts
  Lair:5: 1741 daAuts
Shoals:4: 1706 daAuts
